 Dungeon Crawl Stone Soup version 0.19.1-1-g22dce08 (webtiles) character file.

22 theAP the Stinger (level 2, 0/19 HPs)
             Began as a Demonspawn Venom Mage on Dec 31, 2016.
             Slain by an adder (2 damage)
             ... on level 1 of the Dungeon.
             The game lasted 00:03:24 (513 turns).

theAP the Stinger (Demonspawn Venom Mage)            Turns: 513, Time: 00:03:25

Health: 0/19       AC:  3    Str:  8    XL:     2   Next: 68%
Magic:  1/5        EV: 11    Int: 16    God:
Gold:   25         SH:  3    Dex: 13    Spells: 1 memorised, 4 levels left

rFire  . . .     SeeInvis .     i - +0 club
rCold  . . .     Gourm    .     f - +0 leather armour
rNeg   . . .     Faith    .     d - +0 buckler
rPois  .         Spirit   .     (no helmet)
rElec  .         Reflect  .     (no cloak)
rCorr  .         Harm     .     (no gloves)
MR     .....                    (no boots)
Stlth  ++........               (no amulet)
                                (no ring)
                                (no ring)

@: lethally poisoned (0 -> -6), very slightly contaminated
A: powered by death 1
a: no special abilities


You were on level 1 of the Dungeon.
You were not hungry.

You visited 1 branch of the dungeon, and saw 1 of its levels.

You collected 25 gold pieces.

Inventory:

Hand Weapons
 i - a +0 club (weapon)
Armour
 a - a +0 robe
 d - a +0 buckler (worn)
 f - a +0 leather armour (worn)
Scrolls
 e - 2 scrolls of identify {unknown}
 k - a scroll of fog {unknown}
Potions
 g - a potion of brilliance {unknown}
 j - a potion of resistance {unknown}
Books
 b - a Young Poisoner's Handbook

   Spells                             Type                      Level
   a - Sting                          Conjuration/Poison           1
   b - Mephitic Cloud                 Conjuration/Poison/Air       3
   c - Olgreb's Toxic Radiance        Poison                       4
   d - Alistair's Intoxication        Transmutation/Poison         5
   e - Venom Bolt                     Conjuration/Poison           5
Comestibles
 c - a bread ration
 h - a meat ration


   Skills:
 - Level 0.2 Fighting
 * Level 1.3 Maces & Flails
 - Level 1.8 Dodging
 - Level 1.7 Stealth
 - Level 0.3 Shields
 - Level 0.1 Unarmed Combat
 - Level 2.3 Spellcasting
 - Level 4.0 Poison Magic


You had 4 spell levels left.
You knew the following spells:

 Your Spells              Type           Power        Failure   Level  Hunger
a - Sting                 Conj/Pois      #...         21%         1    #......


Dungeon Overview and Level Annotations

Branches:
Dungeon (1/15)

Altars:


Innate Abilities, Weirdness & Mutations

You regenerate a little health from kills.


Message History

Aim: an adder (moderately wounded)
The sting misses the adder.
You block the adder's attack. The adder bites you but does no damage.
You barely miss the adder.
The adder is moderately wounded.
The adder bites you but does no damage.
You closely miss the adder.
The adder is moderately wounded.
The adder bites you.
You are lethally poisoned!
The adder poisons you! You block the adder's attack.
You closely miss the adder.
The adder is moderately wounded.
You feel sick. The adder bites you but does no damage. The adder bites you.
* * * LOW HITPOINT WARNING * * *
You closely miss the adder.
The adder is moderately wounded.
* * * LOW HITPOINT WARNING * * *
You feel sick. The adder barely misses you. The adder bites you.
You die...

..###########........# #.#
.†........# #.#.####.# #.#
...>..###.###........#######.####
.#.##.##...##.#####.............#
.#.##.........# #...##.###.##.#
.#.#####...##.# #...##.###.##.#
...# ##.###)# #.........†##.#
...# #.....#####.......#####.#
..## ########..S@...####...†.....
...###....####.....## #.######..
.####...#....#####.#####.#######.
.##.....#......####.....(......#.
.##....###.......#######.#####.#.
.##...###........### ##.#####.#.
.##....###...(..<..# #..........
.#..#..# ##.......## #..........
.####.## #.......# #...####.##


You could see an adder.

Vanquished Creatures
  A leopard gecko (D:1)
  A giant cockroach (D:1)
  4 goblins (D:1)
  2 hobgoblins (D:1)
  2 kobolds (D:1)
  A quokka (D:1)
  4 bats (D:1)
  4 frilled lizards (D:1)
  A rat (D:1)
20 creatures vanquished.

Notes
Turn   | Place    | Note
-------+----------+-------------------------------------------
     0 | D:1      | theAP the Demonspawn Venom Mage began the quest for the Orb.
     0 | D:1      | Reached XP level 1. HP: 13/13 MP: 3/3
   199 | D:1      | Gained mutation: You regenerate a little health from kills. [demonic ancestry]
   199 | D:1      | Reached XP level 2. HP: 16/19 MP: 3/5
   331 | D:1      | Reached skill level 1 in Maces & Flails
   513 | D:1      | Slain by an adder

Skill      XL: |  1  2 |
---------------+-------+-----
Maces & Flails | 1 |  1.3
Fighting       | |  0.2
Dodging        | |  1.8
Stealth        | |  1.7
Shields        | |  0.3
Unarmed Combat | |  0.1
Spellcasting   | |  2.3
Poison Magic   | |  4.0

Action                   || total
-------------------------++-------
Melee: Unarmed           ||    24
       Club              ||    22
 Cast: Sting             ||    31
Armor: Leather armour    ||    13
Dodge: Dodged            ||    25
Block: Buckler           ||     9
